 Dungeon Crawl Stone Soup version 0.21.1-1-g345015fe64 (webtiles) character file.

63 Lothor the Slinger (level 4, -5/29 HPs)
             Began as a Halfling Hunter on Apr 4, 2018.
             Killed from afar by an orc wizard (6 damage)
             ... with a magic dart
             ... on level 3 of the Dungeon.
             The game lasted 00:04:59 (1339 turns).

Lothor the Slinger (Halfling Hunter)                Turns: 1339, Time: 00:05:00

Health: -5/29      AC:  3    Str: 13    XL:     4   Next: 30%
Magic:  4/4        EV: 14    Int:  9    God:
Gold:   54         SH:  0    Dex: 15    Spells: 3/3 levels left

rFire    . . .     SeeInvis .   a - +1 hunting sling
rCold    . . .     Gourm    .   (shield restricted)
rNeg     . . .     Faith    .   c - +0 leather armour
rPois    .         Spirit   .   (no helmet)
rElec    .         Reflect  .   (no cloak)
rCorr    .         Harm     .   (no gloves)
MR       .....                  (no boots)
Stlth    +.........             (no amulet)
HPRegen  0.09/turn              (no ring)
MPRegen  0.09/turn              (no ring)

@: confused
A: small, mutation resistance 1
a: no special abilities


You were on level 3 of the Dungeon.
You were not hungry.

You visited 1 branch of the dungeon, and saw 3 of its levels.

You collected 54 gold pieces.

Inventory:

Hand Weapons
 a - a +1 hunting sling (weapon)
 b - a +0 short sword
Missiles
 j - 8 stones (quivered)
Armour
 c - a +0 leather armour (worn)
Scrolls
 h - 2 scrolls of remove curse {unknown}
 i - 2 scrolls of noise {unknown}
 k - a scroll of fog {unknown}
 p - 2 scrolls of enchant armour {unknown}
Potions
 e - a potion of berserk rage {unknown}
 l - a potion of invisibility {unknown}
 m - a potion of mutation {unknown}
 n - a potion of lignification {unknown}
 o - 2 potions of brilliance {unknown}
Comestibles
 d - a chunk of flesh
 f - 4 rations


   Skills:
 - Level 1.7 Fighting
 + Level 8.0 Slings
 - Level 2.1 Dodging
 - Level 1.1 Stealth


You had 3 spell levels left.
You didn't know any spells.

Dungeon Overview and Level Annotations

Branches:
Dungeon (3/15)

Altars:


Innate Abilities, Weirdness & Mutations

You are small and have problems with some larger weapons.
You are somewhat resistant to further mutation.


Message History

Press: ? - help, Shift-Dir - straight line, f/p - orc
Aim: an orc (severely wounded)
You shoot a stone.
A puff of flame appears from out of thin air!
The puff of flame hits something.
You hear some strange, mumbled words.
Something tries to affect you, but you resist.
You are confused.
Firing (i - inventory):
j - 8 stones (quivered)
Press: ? - help, Shift-Dir - straight line, f - you Really target yourself? [Y]es or [N]o only, please.
Really target yourself?
Okay, then.
A puff of flame appears from out of thin air!
The puff of flame misses you.
You're too confused to move!
A magic dart appears from out of thin air!
The magic dart hits you!
You die...

...# #.#......(# #####
##.###.#.....#.# #...#
...+......#.....+...
#...##....##.#.....o...#....#
#....+....##.#.#.###'#(.(....
##....#....##'#)#...(.#.###.##
. #...<.#....#.......##.#.. .#
..##....)....##.......####?##
##
.............##>@........#.#
....>..#.............###.#.#
.#####.##........##### ..#
#.##........# ♣ #.##........#
#.##........# #.##........#
..##........# ####........#


There were no monsters in sight!

Vanquished Creatures
  A gnoll (D:1)
  An ooze (D:1)
  5 leopard geckos
  2 orcs (D:3)
  6 goblins
  9 hobgoblins
  3 bats
  2 frilled lizards
  4 kobolds
  7 rats
40 creatures vanquished.

Notes
Turn   | Place    | Note
-------+----------+-------------------------------------------
     0 | D:1      | Lothor the Halfling Hunter began the quest for the Orb.
     0 | D:1      | Reached XP level 1. HP: 14/14 MP: 1/1
    83 | D:1      | Reached skill level 6 in Slings
   175 | D:1      | Reached XP level 2. HP: 19/19 MP: 2/2
   293 | D:1      | Reached skill level 7 in Slings
   293 | D:1      | Reached XP level 3. HP: 24/24 MP: 3/3
   929 | D:2      | Reached XP level 4. HP: 29/29 MP: 4/4
  1263 | D:3      | Reached skill level 8 in Slings
  1331 | D:3      | HP: 1/29 [orc (5)]
  1339 | D:3      | Killed from afar by an orc wizard

Skill      XL: |  1  2  3  4 |
---------------+-------------+-----
Slings         | 6 7 8 |  8.0
Fighting       | |  1.7
Dodging        | |  2.1
Stealth        | |  1.1

Action                   |  1- 3 |  4- 6 || total
-------------------------+-------+-------++-------
Melee: Hunting sling     |       |     2 ||     2
 Fire: Hunting sling     |    74 |    49 ||   123
  Eat: Chunk             |       |     1 ||     1
Armor: Leather armour    |     3 |     2 ||     5
Dodge: Dodged            |    11 |    26 ||    37
